[Event "Late-Titled-Tuesday-Blitz-February-20-2024"]
[Site "Chess.com"]
[Date "2024.02.20"]
[Round "2"]
[White "cukricek"]
[Black "BardArtem"]
[Result "0-1"]
[WhiteElo "2468"]
[BlackElo "2769"]
[TimeControl "180+1"]
[EndTime "14:13:20 PST"]
[Termination "BardArtem won by resignation"]

1. g3 d5 2. Nf3 Nf6 3. Bg2 Nbd7 4. d4 e6 5. O-O c6 6. b3 Bd6 7. Bb2 O-O 8. Nbd2 Re8 9. c4 b6 10. Ne5 Bb7 11. Ndf3 Rc8 12. Rc1 h6 13. e3 Ba6 14.
Re1 Ne4 15. cxd5 cxd5 16. Nc6 Qf6 17. Nxa7 Rxc1 18. Qxc1 Bb4 19. Rd1 Be2 20. a3 Bxf3 21. Bxf3 Qxf3 22. axb4 Qxf2+ 23. Kh1 Qf3+ 24. Kg1 Ng5 25.
h4 Qxg3+ 0-1

[Event "Late-Titled-Tuesday-Blitz-February-20-2024"]
[Site "Chess.com"]
[Date "2024.02.20"]
[Round "2"]
[White "Bryanl106"]
[Black "rezamahdavi2008"]
[Result "0-1"]
[WhiteElo "2524"]
[BlackElo "2834"]
[TimeControl "180+1"]
[EndTime "14:13:30 PST"]
[Termination "rezamahdavi2008 won by resignation"]

1. e4 c5 2. Nf3 d6 3. d4 cxd4 4. Nxd4 Nf6 5. Nc3 a6 6. h3 e5 7. Nde2 h5 8. Bg5 Be6 9. Bxf6 Qxf6 10. Nd5 Qd8 11. Qd3 Nd7 12. O-O-O g6 13. Kb1 Nc5 14. Qf3 Bg7 15. Nec3 b5 16. g3 Rb8 17. a3 O-O 18.
Be2 Qd7 19. Nf6+ Bxf6 20. Qxf6 b4 21. axb4 Rxb4 22. Bxh5 Rfb8 23. Bxg6 fxg6 24. Qxg6+ Qg7 25. Qxg7+ Kxg7 26. Rxd6 Rxb2+ 27. Kc1 R2b4 28. Rc6 Rc4 29. Rc7+ Kf6 30. Kd2 Rd8+ 31. Ke2 Rxc3 32. f4 Rxc2+ 0-1

[Event "Late-Titled-Tuesday-Blitz-February-20-2024"]
[Site "Chess.com"]
[Date "2024.02.20"]
[Round "2"]
[White "DraningWaterHi"]
[Black "LeninGuerra"]
[Result "0-1"]
[WhiteElo "2241"]
[BlackElo "2566"]
[TimeControl "180+1"]
[EndTime "14:13:30 PST"]
[Termination "LeninGuerra won by resignation"]

1. d4 Nf6 2. c4 c5 3. d5 b5 4.
cxb5 a6 5. bxa6 Bxa6 6. Nc3 d6 7.
e4 Bxf1 8. Kxf1 Nbd7 9. Nf3 g6 10. g3 Bg7 11. Kg2 O-O 12. h3 Ra6 13. Qc2 Qa8 14. Bd2 Rb8 15. Rhb1 c4 16. Nd4 Nc5 17. Nc6 Re8 18. Nb5 Rxc6 19. dxc6 Qxc6 20. Nd4 Qa8 21.
f3 Nfxe4 22. fxe4 Bxd4 23. Re1 Rb8 24. Qxc4 Nxe4 25. Qxd4 Nxd2+ 26. Kf2 Qf3+ 27. Kg1 Qxg3+ 28. Kh1 Qxh3+ 29. Kg1 Nf3+ 0-1

[Event "Late-Titled-Tuesday-Blitz-February-20-2024"]
[Site "Chess.com"]
[Date "2024.02.20"]
[Round "2"]
[White "MeisterJabo"]
[Black "sofaceindisguise"]
[Result "1-0"]
[WhiteElo "2412"]
[BlackElo "2704"]
[TimeControl "180+1"]
[EndTime "14:13:31 PST"]
[Termination "MeisterJabo won by resignation"]

1. c4 Nf6 2. g3 g6 3. Bg2 Bg7 4. Nc3 O-O 5. d4 d6 6. Nf3 Nc6 7.
O-O a6 8. d5 Na5 9. Qd3 c5 10. b3 Rb8 11. Bb2 b5 12. cxb5 axb5 13.
e4 Ba6 14. Rfe1 Qb6 15. Qd2 b4 16. Na4 Qa7 17. e5 dxe5 18. Nxe5 Rbd8 19. Rac1 Nb7 20. Nc6 Qa8 21. Nb6 e6 22. Nxa8 1-0

[Event "Late-Titled-Tuesday-Blitz-February-20-2024"]
[Site "Chess.com"]
[Date "2024.02.20"]
[Round "2"]
[White "traviscottofficial"]
[Black "David_George21"]
[Result "1-0"]
[WhiteElo "2724"]
[BlackElo "2377"]
[TimeControl "180+1"]
[EndTime "14:13:34 PST"]
[Termination "traviscottofficial won by resignation"]

1. e4 c5 2. Nf3 d6 3. d4 cxd4 4.
Nxd4 Nf6 5. f3 Nc6 6. c4 a6 7.
Nc3 g6 8. Be3 Bg7 9. Be2 O-O 10.
O-O Bd7 11. Qd2 Rc8 12. b3 e5 13. Nxc6 Bxc6 14. Rad1 Qa5 15. Nd5 Qxd2 16. Ne7+ Kh8 17. Rxd2 Rcd8 18. Rfd1 Ne8 19. c5 f5 20. Nxc6 bxc6 21.
cxd6 Rf6 22. d7 Nc7 23. Bb6 1-0

[Event "Late-Titled-Tuesday-Blitz-February-20-2024"]
[Site "Chess.com"]
[Date "2024.02.20"]
[Round "2"]
[White "FairChess_on_YouTube"]
[Black "reevecanada"]
[Result "1-0"]
[WhiteElo "3056"]
[BlackElo "2616"]
[TimeControl "180+1"]
[EndTime "14:13:35 PST"]
[Termination "FairChess_on_YouTube won by resignation"]

1. Nf3 d5 2. g3 Nc6 3. d4 g6 4. c4 Bg7 5. cxd5 Qxd5 6. Nc3 Qd8 7. d5 Ne5 8. Nxe5 Bxe5 9. Bg2 Nf6 10. f4 Bd6 11. e4 Bg4 12. Qb3 Nh5 13. e5 O-O 14. exd6 exd6 15. O-O Re8 16. Bd2 b6 17. Rfe1 Qd7 18. Qb5 Rxe1+ 19. Rxe1 Qf5 20. Re8+ Rxe8 21.
Qxe8+ Kg7 22. Be4 Qf6 23. Nb5 a6 24. Bc3 axb5 25. Bxf6+ Nxf6 26. Qe7 b4 27. Bg2 Bf5 28. Qxc7 Bb1 29. Qxd6 Bxa2 30. Qe5 1-0

[Event "Late-Titled-Tuesday-Blitz-February-20-2024"]
[Site "Chess.com"]
[Date "2024.02.20"]
[Round "2"]
[White "CFalcons8"]
[Black "morte-negra"]
[Result "1-0"]
[WhiteElo "2426"]
[BlackElo "2010"]
[TimeControl "180+1"]
[EndTime "14:13:36 PST"]
[Termination "CFalcons8 won by resignation"]

1. d4 Nf6 2. Bg5 g6 3. e3 Bg7 4. Bd3 d6 5. c4 Nbd7 6. Nc3 e5 7.
Nge2 O-O 8. h4 h6 9. Bxf6 Nxf6 10. Ng3 c6 11. Qc2 Re8 12. O-O-O a5 13. h5 g5 14. Bf5 b5 15. cxb5 cxb5 16. Nxb5 Ba6 17. Nc3 Rb8 18. dxe5 Rxe5 19. Bd3 Bc8 20. Bc4 Rc5 21. Na4 Bf5 22.
Nxf5 Rxc4 23. Qxc4 Rc8 24. Ne7+ Qxe7 25. Qxc8+ 1-0

[Event "Late-Titled-Tuesday-Blitz-February-20-2024"]
[Site "Chess.com"]
[Date "2024.02.20"]
[Round "2"]
[White "Mikasinski"]
[Black "DonJuanEGenaro"]
[Result "1-0"]
[WhiteElo "2659"]
[BlackElo "2102"]
[TimeControl "180+1"]
[EndTime "14:13:49 PST"]
[Termination "Mikasinski won by resignation"]

1. e4 c5 2. Nf3 Nc6 3. d4 cxd4 4. Nxd4 Nf6 5. Nc3 d6 6. Bg5 Qb6 7. Nb3 e6 8. Qd2 a6 9. O-O-O Bd7 10. Kb1 Qc7 11.
Be2 b5 12. Bf3 Ne5 13. Rhe1 Be7 14. Bxf6 Nc4 15. Qc1 Bxf6 16. e5 Bxe5 17. Rxe5 Nxe5 18. Bxa8 d5 19. Bxd5 exd5 20. Nxd5 Qb7 21. Qe3 O-O 22. Qxe5 Re8 23. Qc3 b4 24. Qxb4 Qc6 25. Ne7+ 1-0

[Event "Late-Titled-Tuesday-Blitz-February-20-2024"]
[Site "Chess.com"]
[Date "2024.02.20"]
[Round "2"]
[White "thechesscorner64"]
[Black "stollenmonster"]
[Result "0-1"]
[WhiteElo "2536"]
[BlackElo "2863"]
[TimeControl "180+1"]
[EndTime "14:14:00 PST"]
[Termination "stollenmonster won by resignation"]

1. e4 c5 2. Nf3 Nf6 3. d3 Nc6 4. g3 d5 5. Nbd2 g6 6. Bg2 Bg7 7.
O-O O-O 8. Re1 e5 9. exd5 Nxd5 10. Nc4 Re8 11. a4 Nb6 12. Bg5 Qc7 13. Na3 Be6 14.
Nb5 Qd7 15. a5 Nd5 16. Bd2 h6 17. Qc1 Kh7 18. h4 Rad8 19. Nc3 Nxc3 20. Bxc3 Bd5 21. h5 g5 22. b3 f5 23. a6 b6 24. Nxg5+ hxg5 25. Qxg5 Qf7 26. Bh3 Be6 27. f4 Bh6 28. Qh4 exf4 29.
gxf4 Nd4 30. Bxd4 Rxd4 31. Re5 Bxf4 32. Rae1 Bxe5 33. Rxe5 Rxh4 0-1

[Event "Late-Titled-Tuesday-Blitz-February-20-2024"]
[Site "Chess.com"]
[Date "2024.02.20"]
[Round "2"]
[White "aa175"]
[Black "vanyakuba"]
[Result "1-0"]
[WhiteElo "2693"]
[BlackElo "2373"]
[TimeControl "180+1"]
[EndTime "14:14:03 PST"]
[Termination "aa175 won by resignation"]

1. d4 d5 2. Bf4 c5 3. e3 Nc6 4. Nf3 Nf6 5. Nbd2 g6 6. c3 Bg7 7.
Bd3 O-O 8. h4 Bg4 9. Be2 Ne4 10.
Nxe4 dxe4 11. Ng5 Bxe2 12. Qxe2 cxd4 13. exd4 e5 14. dxe5 Nxe5 15. Bxe5 Bxe5 16. Nxe4 Re8 17.
h5 Bg7 18. hxg6 hxg6 19. O-O Qh4 20. Rfe1 Rad8 21. g3 Qh3 22. Qf1 Qg4 23. Qg2 f5 24. Nc5 Rxe1+ 25. Rxe1 Rd2 26. Re8+ Kh7 27. Qh1+ Bh6 28.
Rh8+ Kxh8 29. Qxh6+ 1-0

[Event "Late-Titled-Tuesday-Blitz-February-20-2024"]
[Site "Chess.com"]
[Date "2024.02.20"]
[Round "2"]
[White "GiorgianBarbosa"]
[Black "emiliochess"]
[Result "1-0"]
[WhiteElo "2507"]
[BlackElo "2298"]
[TimeControl "180+1"]
[EndTime "14:14:11 PST"]
[Termination "GiorgianBarbosa won by resignation"]

1. d4 d5 2. c4 e6 3. cxd5 exd5 4. Nc3 c6 5. Bf4 Bd6 6. Bxd6 Qxd6 7. e3 Ne7 8. Nf3 O-O 9. Bd3 Bf5 10. Qc2 Bxd3 11. Qxd3 Nd7 12. O-O h6 13. Rab1 f5 14. b4 a6 15. a4 Nf6 16. Ne5 Ne4 17. b5 axb5 18. axb5 f4 19. Nxe4 dxe4 20. Qxe4 fxe3 21. fxe3 Nd5 22.
bxc6 Nc3 23. Rxf8+ Rxf8 24. Qg6 Qb4 25. Re1 Ne2+ 26. Rxe2 1-0

[Event "Late-Titled-Tuesday-Blitz-February-20-2024"]
[Site "Chess.com"]
[Date "2024.02.20"]
[Round "2"]
[White "Phamtrangiaphuc2009"]
[Black "toninhojit"]
[Result "1-0"]
[WhiteElo "2305"]
[BlackElo "2480"]
[TimeControl "180+1"]
[EndTime "14:14:20 PST"]
[Termination "Phamtrangiaphuc2009 won by resignation"]

1. e4 e5 2. Nf3 Nc6 3. Nc3 Nf6 4. Bb5 Nd4 5. Bc4 Nxf3+ 6. gxf3 Be7 7. d4 d6 8. f4 exd4 9. Qxd4 c6 10. Rg1 g6 11.
Be3 Qc7 12. e5 dxe5 13. fxe5 Nh5 14. Ne4 Be6 15. Nd6+ Kf8 16. Bh6+ Kg8 17. Bxe6 fxe6 18. O-O-O Bf8 19. Bxf8 Rxf8 20. Qc4 Ng7 21. f4 Qb6 22. f5 Qe3+ 23. Kb1 Qxe5 24. Rge1 Qf6 25. fxe6 Qe7 26. Nf7 Nxe6 27. Nxh8 1-0

[Event "Late-Titled-Tuesday-Blitz-February-20-2024"]
[Site "Chess.com"]
[Date "2024.02.20"]
[Round "2"]
[White "MagnusCarlsen"]
[Black "Doomfist26"]
[Result "1-0"]
[WhiteElo "3354"]
[BlackElo "2656"]
[TimeControl "180+1"]
[EndTime "14:14:21 PST"]
[Termination "MagnusCarlsen won by resignation"]

1. Nf3 Nf6 2. b4 g6 3. Bb2 Bg7 4. g3 O-O 5. Bg2 d6 6. c4 e5 7.
O-O h6 8. Nc3 Re8 9. d3 Be6 10.
Nd2 c6 11. b5 d5 12. bxc6 bxc6 13. Rb1 Nbd7 14. Ba3 Rb8 15. Qa4 Qc7 16. cxd5 Nxd5 17.
Nce4 f5 18. Bd6 Qd8 19. Bxb8 Nxb8 20. Nc5 Bf7 21. Rfc1 e4 22. d4 e3 23. Nf3 exf2+ 24.
Kxf2 Qe7 25. Kg1 f4 26. Ne5 Bxe5 27. dxe5 fxg3 28. Qd4 gxh2+ 29. Kh1 g5 30. Rb7 Qf8 31. e6 Bxe6 32. Nxe6 Rxe6 33. Bxd5 cxd5 34. Rc8 1-0

[Event "Late-Titled-Tuesday-Blitz-February-20-2024"]
[Site "Chess.com"]
[Date "2024.02.20"]
[Round "2"]
[White "mjelcic"]
[Black "Statham_01"]
[Result "0-1"]
[WhiteElo "2230"]
[BlackElo "2580"]
[TimeControl "180+1"]
[EndTime "14:14:35 PST"]
[Termination "Statham_01 won by resignation"]

1. d4 e6 2. e4 d5 3. e5 Bd7 4. Nf3 a6 5. c4 dxc4 6. Bxc4 Bc6 7. Nc3 Bb4 8. O-O Bxc3 9. bxc3 Ne7 10. Bg5 h6 11. Bh4 Nd7 12. a4 Nb6 13. Bb3 a5 14. Qd3 Qd7 15. Rfd1 O-O-O 16. c4 g5 17. Bg3 Ng6 18. d5 exd5 19. c5 Nc4 20. Bxc4 dxc4 21. Qxc4 Qxd1+ 22. Rxd1 Rxd1+ 0-1

[Event "Late-Titled-Tuesday-Blitz-February-20-2024"]
[Site "Chess.com"]
[Date "2024.02.20"]
[Round "2"]
[White "rcmz"]
[Black "agustinv04"]
[Result "1-0"]
[WhiteElo "2186"]
[BlackElo "2431"]
[TimeControl "180+1"]
[EndTime "14:14:37 PST"]
[Termination "rcmz won by resignation"]

1. b4 a5 2. b5 c6 3. c4 d5 4. e3 e6 5. Bb2 Nf6 6. Nf3 Nbd7 7. a3 Bd6 8. d4 O-O 9. c5 Bb8 10. bxc6 bxc6 11. Nbd2 Ne4 12. Nxe4 dxe4 13. Nd2 f5 14. Bc4 Nf6 15. h3 Nd5 16. Qc2 Qh4 17. Bxd5 exd5 18. g3 Bxg3 19. fxg3 Qxg3+ 20. Kd1 Qxe3 21. Qc3 Qf2 22.
Rf1 Qh4 23. Kc1 Ba6 24. Rg1 f4 25. Nxe4 dxe4 26. d5 Kf7 27. Rxg7+ Ke8 28. Qe5+ Kd8 29. Qc7+ 1-0

[Event "Late-Titled-Tuesday-Blitz-February-20-2024"]
[Site "Chess.com"]
[Date "2024.02.20"]
[Round "2"]
[White "Gentlejimmy7"]
[Black "Shankland"]
[Result "0-1"]
[WhiteElo "2565"]
[BlackElo "2951"]
[TimeControl "180+1"]
[EndTime "14:14:40 PST"]
[Termination "Shankland won by checkmate"]

1. c4 e6 2. g3 d5 3. d4 Nf6 4.
Nf3 Be7 5. Bg2 O-O 6. O-O dxc4 7. Qc2 a6 8. a4 Bd7 9. Qxc4 Bc6 10. Bf4 Nbd7 11.
Nc3 Bd6 12. Qb3 a5 13. Nb5 Bxf4 14.
gxf4 Nd5 15. e3 Kh8 16. Rac1 f6 17. Ne1 f5 18. Nd3 g5 19. Nc3 N7b6 20. Nxd5 Bxd5 21. Bxd5 Nxd5 22. fxg5 Qxg5+ 23. Kh1 Rf6 24. f4 Qh5 25. Ne5 Rg8 26. Rg1 Qxh2+ 27. Kxh2 Rh6# 0-1

[Event "Late-Titled-Tuesday-Blitz-February-20-2024"]
[Site "Chess.com"]
[Date "2024.02.20"]
[Round "2"]
[White "midedu"]
[Black "ChessLebaneseSalah"]
[Result "1-0"]
[WhiteElo "2001"]
[BlackElo "2401"]
[TimeControl "180+1"]
[EndTime "14:14:41 PST"]
[Termination "midedu won by resignation"]

1. e4 c5 2. Nc3 Nc6 3. g3 g6 4. Bg2 Bg7 5. Nge2 d6 6. O-O e6 7. h3 Nge7 8. d3 d5 9. exd5 exd5 10. Bg5 Be6 11. Nf4 Qd7 12. Re1 O-O 13. Qd2 Rfe8 14. Rad1 Nd4 15. Bxe7 Rxe7 16. Ncxd5 Bxd5 17. Rxe7 Qxe7 18. Nxd5 Qd6 19. c3 Nc6 20. Qe3 h5 21. Re1 Rd8 22. h4 Ne5 23. a3 Ng4 24. Qe7 Qb8 25.
Qxc5 Ne5 26. Qe3 Ng4 27. Qf4 Be5 28. Qf3 Bg7 29. d4 b5 30. Ne7+ Kh7 31. Nc6 Qd6 32. Nxd8 Qxd8 33. Qxf7 a5 34. Re6 1-0

[Event "Late-Titled-Tuesday-Blitz-February-20-2024"]
[Site "Chess.com"]
[Date "2024.02.20"]
[Round "2"]
[White "penguingm1"]
[Black "maroro07"]
[Result "0-1"]
[WhiteElo "2832"]
[BlackElo "2415"]
[TimeControl "180+1"]
[EndTime "14:14:42 PST"]
[Termination "maroro07 won by checkmate"]

1. a4 h5 2. Ra3 e6 3. Rg3 Nf6 4.
b3 h4 5. Rg5 d5 6. Bb2 Ne4 7. Rg4 e5 8. Rxe4 dxe4 9. Bxe5 Nc6 10. Bb2 Bf5 11. e3 Qd7 12. Nc3 O-O-O 13. h3 f6 14.
Nge2 Bd6 15. Nb5 Be5 16. Ba3 a6 17. Nbc3 g5 18. Qc1 g4 19. hxg4 Bxg4 20. Nxe4 h3 21. gxh3 Bf3 22. Nc5 Qxd2+ 23. Qxd2 Rxd2 24. Kxd2 Bxh1 25.
Ng3 Bf3 26. Bc4 Rd8+ 27. Kc1 Rd1# 0-1

[Event "Late-Titled-Tuesday-Blitz-February-20-2024"]
[Site "Chess.com"]
[Date "2024.02.20"]
[Round "2"]
[White "IsaqueGoncalvesSanto"]
[Black "a-z30"]
[Result "0-1"]
[WhiteElo "1787"]
[BlackElo "2408"]
[TimeControl "180+1"]
[EndTime "14:14:45 PST"]
[Termination "a-z30 won by checkmate"]

1. d4 d6 2. c4 Nf6 3. Nc3 g6 4. e4 Bg7 5. f3 O-O 6. Be3 c5 7. d5 e6 8. Qd2 a6 9. O-O-O exd5 10. Nxd5 Nc6 11. Nxf6+ Qxf6 12. Bg5 Qd4 13. Qxd4 cxd4 14. a3 Be6 15. b3 Rfc8 16. Kb2 b5 17. cxb5 d3+ 18. Ka2 axb5 19. Bxd3 Nb4+ 20. Kb1 Rxa3 21. Bc4 Ra1# 0-1

[Event "Late-Titled-Tuesday-Blitz-February-20-2024"]
[Site "Chess.com"]
[Date "2024.02.20"]
[Round "2"]
[White "DonJuan_34"]
[Black "jinxy2009"]
[Result "1-0"]
[WhiteElo "2468"]
[BlackElo "2193"]
[TimeControl "180+1"]
[EndTime "14:14:46 PST"]
[Termination "DonJuan_34 won by resignation"]

1. d4 Nf6 2. c4 g6 3. Nc3 d5 4. Bf4 Bg7 5. e3 O-O 6. Rc1 c5 7. dxc5 Be6 8. cxd5 Nxd5 9. Nxd5 Bxd5 10. b3 Nc6 11. Nf3 e5 12. Bg3 f5 13. Qxd5+ Qxd5 14. Bc4 Qxc4 15. Rxc4 Rad8 16. Ke2 e4 17. Nd2 Ne5 18.
Bxe5 Bxe5 19. Rhc1 Rd3 20. R1c2 Rfd8 21. b4 a6 22. a4 Ra3 23. b5 axb5 24. axb5 Rb3 25. Nxb3 1-0

[Event "Late-Titled-Tuesday-Blitz-February-20-2024"]
[Site "Chess.com"]
[Date "2024.02.20"]
[Round "2"]
[White "Joachim100x"]
[Black "kibromNNN"]
[Result "1-0"]
[WhiteElo "2405"]
[BlackElo "1737"]
[TimeControl "180+1"]
[EndTime "14:14:53 PST"]
[Termination "Joachim100x won by resignation"]

1. e4 d6 2. d4 Nf6 3. Nc3 c6 4. f4 Bg4 5. Nf3 Qa5 6. e5 Nd5 7. Bd2 Qd8 8. Nxd5 cxd5 9. Be2 dxe5 10. fxe5 e6 11. O-O Be7 12. c3 O-O 13. Qe1 f5 14. exf6 Bxf6 15. Qg3 Bf5 16. h4 Nc6 17. Ng5 h6 18.
Nf3 Be4 19. Bxh6 Ne7 20. Bg5 Nf5 21. Qg4 Bxf3 22. Rxf3 Nxh4 23. Rxf6 Rxf6 24. Bxh4 Rg6 25. Qxg6 Qxh4 26. Qxe6+ Kh8 27. Qh3 Qxh3 28. gxh3 Rf8 29. Rf1 Re8 30. Bf3 Re3 31. Kf2 Rd3 32. Rd1 1-0

[Event "Late-Titled-Tuesday-Blitz-February-20-2024"]
[Site "Chess.com"]
[Date "2024.02.20"]
[Round "2"]
[White "Shtembuliak"]
[Black "Nouali_Mohamed"]
[Result "1-0"]
[WhiteElo "2861"]
[BlackElo "2532"]
[TimeControl "180+1"]
[EndTime "14:14:55 PST"]
[Termination "Shtembuliak won by resignation"]

1. c4 Nf6 2. Nc3 g6 3. e4 d6 4.
d4 Bg7 5. Nge2 O-O 6. Ng3 c5 7. d5 a6 8. a4 e6 9. Be2 exd5 10. cxd5 Re8 11. O-O h5 12. Bg5 Qb6 13. Qc1 Nh7 14.
Bh4 Nd7 15. Kh1 Ne5 16. f4 Ng4 17. h3 Ngf6 18. a5 Qc7 19. Bd3 c4 20. Bc2 Nd7 21.
e5 dxe5 22. f5 Nhf8 23. fxg6 Nxg6 24. Nxh5 Nxh4 25. Nxg7 Kxg7 26. Qg5+ Ng6 27. Rxf7+ Kxf7 28. Bxg6+ 1-0

[Event "Late-Titled-Tuesday-Blitz-February-20-2024"]
[Site "Chess.com"]
[Date "2024.02.20"]
[Round "2"]
[White "SRob2003"]
[Black "Polstastisch"]
[Result "1-0"]
[WhiteElo "2677"]
[BlackElo "2362"]
[TimeControl "180+1"]
[EndTime "14:14:55 PST"]
[Termination "SRob2003 won by checkmate"]

1. d4 Nf6 2. Bg5 c5 3. d5 b5 4. a4 b4 5. f3 d6 6. e4 Nbd7 7. Nd2 g6 8. Nc4 Bg7 9. Qd2 O-O 10. Bh6 Re8 11. Bxg7 Kxg7 12. h4 h5 13. Nh3 Qc7 14. Be2 Ba6 15. Rd1 Rad8 16. Qg5 Nh7 17. Qg3 Nhf6 18. Nf4 Ne5 19. Nxe5 Bxe2 20. Nxf7 e5 21. Qxg6+ Kf8 22. Qxf6 Qxf7 23. Ng6+ Kg8 24.
Qh8# 1-0

[Event "Late-Titled-Tuesday-Blitz-February-20-2024"]
[Site "Chess.com"]
[Date "2024.02.20"]
[Round "2"]
[White "giomar27"]
[Black "MajorCoast"]
[Result "1-0"]
[WhiteElo "2475"]
[BlackElo "2214"]
[TimeControl "180+1"]
[EndTime "14:14:55 PST"]
[Termination "giomar27 won by resignation"]

1. Nc3 d5 2. d4 c6 3. Bf4 Bf5 4. f3 e6 5. e4 Bg6 6. Qd3 Nf6 7.
Nge2 a6 8. O-O-O Nbd7 9. h4 h5 10. Bg5 Be7 11. Nf4 Bh7 12. Qe3 c5 13. exd5 cxd4 14. Qxd4 Bc5 15. Qd2 Qb6 16. Na4 Be3 17. Nxb6 Bxd2+ 18. Rxd2 Nxb6 19. dxe6 fxe6 20. Nxe6 Kf7 21.
Nf4 Rhe8 22. Bd3 Bxd3 23. Rxd3 g6 24. Rhd1 Nc4 25. Bxf6 Kxf6 26. Nd5+ Kg7 27. Nc7 Re2 28. Nxa8 Ne3 29. R3d2 1-0

[Event "Late-Titled-Tuesday-Blitz-February-20-2024"]
[Site "Chess.com"]
[Date "2024.02.20"]
[Round "2"]
[White "ajeale2"]
[Black "kalxandria"]
[Result "1-0"]
[WhiteElo "2502"]
[BlackElo "2249"]
[TimeControl "180+1"]
[EndTime "14:15:01 PST"]
[Termination "ajeale2 won by checkmate"]

1. d4 Nf6 2. Bf4 d6 3. Nc3 g6 4. e4 Bg7 5. Qd2 c6 6. O-O-O b5 7. Bd3 h5 8. Nge2 a5 9. Rhe1 Nbd7 10. e5 b4 11. Na4 Nd5 12. exd6 e6 13. Bg5 Bf6 14.
h4 Bxg5 15. hxg5 O-O 16. Ng3 N7b6 17. Nc5 a4 18. Rh1 Qxd6 19. Nce4 Qf4 20. Nxh5 Qxd2+ 21. Kxd2 gxh5 22. Rxh5 Kg7 23. Rdh1 Rg8 24. Nd6 Nf4 25.
Rh7+ Kf8 26. Rxf7# 1-0

[Event "Late-Titled-Tuesday-Blitz-February-20-2024"]
[Site "Chess.com"]
[Date "2024.02.20"]
[Round "2"]
[White "ElCoachRene"]
[Black "viniciusrego"]
[Result "0-1"]
[WhiteElo "1951"]
[BlackElo "2413"]
[TimeControl "180+1"]
[EndTime "14:15:02 PST"]
[Termination "viniciusrego won by resignation"]

1. Nf3 g6 2. d4 Bg7 3. Bf4 b6 4. e3 Bb7 5. Nbd2 c5 6. c3 d6 7. h3 Nd7 8. a4 a6 9. Bc4 Ngf6 10.
Qe2 O-O 11. O-O Qc7 12. dxc5 Nxc5 13. Rfd1 Bc6 14. b3 Nfe4 15. Nxe4 Nxe4 16. Rdc1 Nxc3 17. Qf1 Qb7 18. Ne1 Ne4 19. Qe2 Bxa1 20. Rxa1 b5 0-1

[Event "Late-Titled-Tuesday-Blitz-February-20-2024"]
[Site "Chess.com"]
[Date "2024.02.20"]
[Round "2"]
[White "icaughtacrab"]
[Black "Piotrek1979"]
[Result "0-1"]
[WhiteElo "2051"]
[BlackElo "2429"]
[TimeControl "180+1"]
[EndTime "14:15:04 PST"]
[Termination "Piotrek1979 won by resignation"]

1. e4 e6 2. d4 b6 3. f4 Bb7 4. Nc3 Bb4 5. Bd3 c5 6. Nf3 Nf6 7. Qe2 Nc6 8. d5 Nd4 9. Qe3 O-O 10. Nxd4 cxd4 11. Qxd4 Bc5 12. Qc4 exd5 13. exd5 Re8+ 14.
Be2 Qe7 15. d6 Qxd6 16. Bd2 Bxg2 17. O-O-O Bxh1 18. Rxh1 Rac8 19. Qb3 Be3 20. Bxe3 Rxe3 21. Nb5 Qxf4 22. Rf1 Rf3+ 0-1

[Event "Late-Titled-Tuesday-Blitz-February-20-2024"]
[Site "Chess.com"]
[Date "2024.02.20"]
[Round "2"]
[White "klimkoj"]
[Black "tgpgoat"]
[Result "0-1"]
[WhiteElo "2881"]
[BlackElo "2563"]
[TimeControl "180+1"]
[EndTime "14:15:07 PST"]
[Termination "tgpgoat won by resignation"]

1. d4 Nf6 2. Nf3 e6 3. Bf4 c5 4. e3 Nc6 5. Nbd2 d5 6. c3 Bd6 7.
Bg3 O-O 8. Bd3 Re8 9. Qc2 e5 10.
dxc5 Bxc5 11. e4 d4 12. a3 Nh5 13. c4 a5 14. O-O a4 15. b4 axb3 16. Nxb3 Bxa3 17.
c5 Nxg3 18. fxg3 Nb4 19. Qe2 Be6 20. Nfd2 Bb2 21. Rxa8 Qxa8 22. Bc4 Bc3 23. Bxe6 Rxe6 24. Nc4 Qa6 25. Nba5 Nc6 26. Nxc6 Rxc6 27. h4 Rxc5 28. Qf3 Qxc4 0-1

[Event "Late-Titled-Tuesday-Blitz-February-20-2024"]
[Site "Chess.com"]
[Date "2024.02.20"]
[Round "2"]
[White "SocoLoco"]
[Black "Perecke"]
[Result "0-1"]
[WhiteElo "2196"]
[BlackElo "2470"]
[TimeControl "180+1"]
[EndTime "14:15:10 PST"]
[Termination "Perecke won by resignation"]

1. e4 c5 2. Nf3 e6 3. d3 Nc6 4. g3 g6 5. Bg2 Bg7 6. O-O Nge7 7. Re1 O-O 8. c3 d5 9. a3 Rb8 10. Qc2 b5 11. b4 cxb4 12. axb4 Nxb4 13. Qb3 Nbc6 14. Ba3 b4 15. cxb4 Bxa1 16. Nc3 Bxc3 17. Qxc3 d4 18. Qc5 Qb6 19. Qg5 f6 20. Qh6 e5 21. h4 Be6 22. Rb1 Qa6 23. Qc1 Rfc8 24. Qb2 Qxd3 25. b5 a6 26. Ne1 Qc3 27. Qxc3 dxc3 28.
Rc1 axb5 29. Rxc3 b4 30. Bxb4 Nxb4 0-1

[Event "Late-Titled-Tuesday-Blitz-February-20-2024"]
[Site "Chess.com"]
[Date "2024.02.20"]
[Round "2"]
[White "gmtalentoso"]
[Black "miraitrunks"]
[Result "1-0"]
[WhiteElo "2472"]
[BlackElo "2204"]
[TimeControl "180+1"]
[EndTime "14:15:11 PST"]
[Termination "gmtalentoso won by resignation"]

1. e4 c5 2. Nf3 Nc6 3. Bb5 g6 4. Bxc6 dxc6 5. d3 Bg7 6. h3 Nf6 7.
Nc3 O-O 8. O-O b6 9. Be3 Nd7 10.
Qd2 Ne5 11. Nh2 f5 12. f4 Nf7 13. e5 Be6 14. Nf3 h6 15. Kh1 Bd5 16. Nxd5 Qxd5 17.
Qf2 Nd8 18. Nh4 Kh7 19. b3 Rg8 20. Rae1 Ne6 21. Kh2 a5 22. a4 Rad8 23. Nf3 b5 24. Qh4 Rd7 25. Rd1 bxa4 26. c4 1-0

[Event "Late-Titled-Tuesday-Blitz-February-20-2024"]
[Site "Chess.com"]
[Date "2024.02.20"]
[Round "2"]
[White "Bala-Afiada"]
[Black "koncheto"]
[Result "0-1"]
[WhiteElo "1959"]
[BlackElo "2417"]
[TimeControl "180+1"]
[EndTime "14:15:12 PST"]
[Termination "koncheto won by resignation"]

1. d4 Nf6 2. c4 e6 3. g3 c5 4. d5 exd5 5. cxd5 d6 6. Nc3 g6 7. Nf3 Bg7 8. Bg2 O-O 9. O-O Na6 10. Nd2 Nc7 11. a4 a6 12. Nc4 Rb8 13. Nb6 Nd7 14.
a5 Nxb6 15. axb6 Na8 16. h4 Nxb6 17. h5 Nd7 18. hxg6 hxg6 19. Bf4 Ne5 20. Ra4 b5 21. Re4 Bf5 22. Bxe5 Bxe4 23. Bxg7 Bxg2 24. Bxf8 Bxf1 25. Bxd6 Bxe2 26. Qxe2 Qxd6 27. Ne4 Qe5 28. Qf3 Kg7 29. d6 Rd8 30. Ng5 Qxg5 0-1

[Event "Late-Titled-Tuesday-Blitz-February-20-2024"]
[Site "Chess.com"]
[Date "2024.02.20"]
[Round "2"]
[White "gunslinger222"]
[Black "NLLO777"]
[Result "0-1"]
[WhiteElo "2296"]
[BlackElo "2507"]
[TimeControl "180+1"]
[EndTime "14:15:16 PST"]
[Termination "NLLO777 won by resignation"]

1. d4 d5 2. Bf4 Nc6 3. c3 Bf5 4. e3 e6 5. g4 Be4 6. f3 Bg6 7. h4 h5 8. g5 Bd6 9. Ne2 Nge7 10. Bxd6 Qxd6 11. Na3 Nf5 12. Qd2 a6 13. Nf4 Nce7 14. Bd3 e5 15. dxe5 Qxe5 16. O-O-O Qxe3 17. Nxg6 Qxd2+ 18. Rxd2 fxg6 19. Bxf5 gxf5 20. Re1 Kf7 21. c4 c6 22. Nc2 Rhe8 23. cxd5 Nxd5 24. Rde2 Rxe2 25. Rxe2 Re8 26. Rxe8 Kxe8 27. Kd2 Ke7 28. a3 Kd6 29. Nd4 Ke5 30. Ne2 Nf4 31. Ng3 g6 0-1